 Dungeon Crawl Stone Soup version 0.24.1-14-gf8d2b509d9 (webtiles) character file.

Game seed: 1882639342195628839, levelgen mode: deterministic

3 Chiseanne the Cutter (level 1, 0/17 HPs)
             Began as a Gnoll Wanderer on July 13, 2020.
             Slain by a leopard gecko (3 damage)
             ... on level 1 of the Dungeon.
             The game lasted 00:03:44 (105 turns).

Chiseanne the Cutter (Gnoll Wanderer)                Turns: 105, Time: 00:03:45

Health: 0/17       AC:  2    Str: 13    XL:     1   Next: 50%
Magic:  4/4        EV: 11    Int: 14    God:
Gold:   21         SH:  0    Dex: 15    Spells: 4/5 levels left

rFire    . . .     SeeInvis .   a - +0 short sword
rCold    . . .     Gourm    .   (no shield)
rNeg     . . .     Faith    .   d - +0 robe
rPois    .         Spirit   .   (no helmet)
rElec    .         Reflect  .   (no cloak)
rCorr    .         Harm     .   (no gloves)
MR       .....                  (no boots)
Stlth    ++........             (no amulet)
HPRegen  0.05/turn              (no ring)
MPRegen  0.09/turn              (no ring)

@: no status effects
A: distributed training, fangs 1, strong nose
a: no special abilities


You were on level 1 of the Dungeon.
You were not hungry.

You visited 1 branch of the dungeon, and saw 1 of its levels.

You collected 21 gold pieces.

Inventory:

Hand Weapons
 a - a +0 short sword (weapon)
 b - a +1 hunting sling of freezing
Missiles
 c - 5 stones (quivered)
Armour
 d - a +0 robe (worn)
Jewellery
 e - a cursed ring of teleportation {unknown}
Comestibles
 f - a ration


   Skills:
 + Level 2.3 Fighting
 + Level 6.4 Short Blades
 + Level 0.0 Long Blades
 + Level 0.0 Axes
 + Level 0.0 Maces & Flails
 + Level 0.0 Polearms
 + Level 0.0 Staves
 + Level 0.0 Slings
 + Level 0.0 Bows
 + Level 0.0 Crossbows
 + Level 2.3 Throwing
 + Level 0.0 Armour
 + Level 0.0 Dodging
 + Level 2.1 Stealth
 + Level 2.3 Shields
 + Level 0.0 Unarmed Combat
 + Level 2.6 Spellcasting
 + Level 0.0 Conjurations
 + Level 0.0 Hexes
 + Level 0.0 Charms
 + Level 0.0 Summonings
 + Level 0.0 Necromancy
 + Level 0.0 Translocations
 + Level 3.6 Transmutations
 + Level 0.0 Fire Magic
 + Level 0.0 Ice Magic
 + Level 0.0 Air Magic
 + Level 0.0 Earth Magic
 + Level 0.0 Poison Magic
 + Level 0.1 Invocations
 + Level 0.0 Evocations


You had 4 spell levels left.
You knew the following spells:

 Your Spells              Type           Power        Failure   Level  Hunger
a - Sandblast             Erth           #.....       22%         1    #......

Your spell library contained the following spells:

 Spells                   Type           Power        Failure   Level  Hunger
 Passwall                 Tmut/Erth      #.......     16%         2    ###....
 Corpse Rot               Necr           N/A          32%         2    ###....
 Sublimation of Blood     Necr           #.........   32%         2    ###....
 Stone Arrow              Conj/Erth      #.....       54%         3    ###....
 Petrify                  Tmut/Erth      #.......     71%         4    #####..
 Lee's Rapid Deconstruct  Erth           #.........   99%         5    ######.


Dungeon Overview and Level Annotations

Branches:
Dungeon (1/15)

Altars:


Innate Abilities, Weirdness & Mutations

Your experience applies equally to all skills.
You have very sharp teeth.
Your uncanny sense of smell can sniff out nearby items.


Message History

You closely miss the leopard gecko. The leopard gecko closely misses you.
You hit the leopard gecko but do no damage.
The leopard gecko bites you.
You miss the leopard gecko. The leopard gecko bites you.
You closely miss the leopard gecko. The leopard gecko bites you.
You closely miss the leopard gecko. The leopard gecko misses you.
You hit the leopard gecko but do no damage.
The leopard gecko completely misses you.
You hit the leopard gecko but do no damage.
The leopard gecko bites you.
You closely miss the leopard gecko. The leopard gecko barely misses you.
You hit the leopard gecko. Your bite misses the leopard gecko.
The leopard gecko is almost dead.
The leopard gecko bites you.
* * * LOW HITPOINT WARNING * * *
You closely miss the leopard gecko.
You bite the leopard gecko, but do no damage.
The leopard gecko is almost dead.
The leopard gecko bites you.
You die...

# .# #.######.# #.w......##### #
#w.......##.### #l#####.......
#@#####..##.# #
################.##........# .#
.....^.....#............##.###.##
.##'##.8.8.#####.#####..#........
.#.<.#..8..# #.# #.......#
.#####.8.8.# ..# #..#...##
...........# ##.# #.###.###.#
.⌠...⌠...####.##.# #.........#
...8....## ...... ....###.#####


You could see a dart slug and a leopard gecko.

Vanquished Creatures
  A goblin (D:1)
  A kobold (D:1)
  A rat (D:1)
3 creatures vanquished.

Notes
Turn   | Place    | Note
-------+----------+-------------------------------------------
     0 | D:1      | Chiseanne the Gnoll Wanderer began the quest for the Orb.
     0 | D:1      | Chiseanne set off with the following items: a +0 short
                  | sword, a +0 robe, a ration; and the following spell
                  | memorised: Sandblast; and the following spells available to
                  | memorise: Passwall, Corpse Rot, Sublimation of Blood, Stone
                  | Arrow, Petrify, Lee's Rapid Deconstruction
     0 | D:1      | Reached XP level 1. HP: 17/17 MP: 4/4
   105 | D:1      | Slain by a leopard gecko

Levels and vault maps discovered:
D:1:      ncdulo_halloftheorcs, layout_loops_corners

Action                   || total
-------------------------++-------
Melee: Short sword       ||    26
       Bite              ||     2
Armor: Robe              ||     1
Dodge: Dodged            ||    14
